[Event "*** Titled Tuesday Blitz"]
[Site "Chess.com"]
[Date "2020.05.19"]
[Round "10"]
[White "calin_dragomirescu"]
[Black "PauloFanha"]
[Result "1-0"]
[WhiteElo "2192"]
[BlackElo "1960"]
[TimeControl "180+1"]
[EndTime "13:55:55 PDT"]
[Termination "calin_dragomirescu won by resignation"]

1. Nf3 d5 2. c4 e6 3. g3 c6 4. Bg2 f5 5. O-O Nf6 6. d4 Bd6 7. b3 O-O 8. Ba3 Ne4 9. Bxd6 Qxd6 10. Nbd2 Nd7 11. Qc2 Kh8 12. e3 Rg8 13. c5 Qc7 14.
h4 e5 15. b4 Nxd2 16. Qxd2 e4 17. Ng5 Nf6 18. a4 h6 19. Nh3 a6 20. Rfb1 g5 21. hxg5 hxg5 22. Kf1 f4 23. exf4 Bxh3 24. Bxh3 gxf4 25.
Qxf4 Qxf4 26. gxf4 Nh5 27. Be6 Rgf8 28. f5 Ng7 29. Ke2 Nxf5 30. Bxf5 Rxf5 31. b5 axb5 32. axb5 Rxa1 33. Rxa1 cxb5 34. Ra7 Rf7 35. c6 Rc7 36. cxb7 Kg7 37. b8=Q Rxa7 38. Qxa7+ Kf6 39. Qc5 Ke6 40. Qc6+ Kf5 41. Qxd5+ Kf4 42. Qxb5 e3 43. fxe3+ Kg4 44. Qd7+ Kg5 45. Qg7+ Kf5 46. Qe5+ Kg4 47. Qf4+ Kh3 48.
Qg5 1-0

[Event "*** Titled Tuesday Blitz"]
[Site "Chess.com"]
[Date "2020.05.19"]
[Round "10"]
[White "larisakalinina"]
[Black "Sjakkerntobi"]
[Result "0-1"]
[WhiteElo "2001"]
[BlackElo "2264"]
[TimeControl "180+1"]
[EndTime "13:55:55 PDT"]
[Termination "Sjakkerntobi won on time"]

1. e4 e6 2. d3 d5 3. Qe2 Be7 4. g3 Nf6 5. Bg2 O-O 6. e5 Nfd7 7. Nf3 c5 8. O-O Nc6 9. c4 d4 10. Re1 Rb8 11. h4 b6 12. Nbd2 Bb7 13. Nf1 Re8 14.
N1h2 a6 15. Bg5 Nf8 16. Ng4 h6 17. Bxe7 Qxe7 18. Qd2 Nh7 19. Kh2 b5 20. cxb5 axb5 21. Rh1 Red8 22. a4 Ba6 23. Nxh6+ gxh6 24. Qxh6 Qf8 25. Qh5 b4 26. Ng5 Qg7 27. Bxc6 Bxd3 28. Be4 Bxe4 29. Nxe4 c4 30. Rhd1 d3 31. Rac1 Rbc8 32.
Nd6 Rc5 33. Rxc4 Rxc4 34. Nxc4 Nf8 0-1

[Event "*** Titled Tuesday Blitz"]
[Site "Chess.com"]
[Date "2020.05.19"]
[Round "10"]
[White "AEMEffi"]
[Black "korbul"]
[Result "0-1"]
[WhiteElo "2302"]
[BlackElo "2439"]
[TimeControl "180+1"]
[EndTime "13:55:56 PDT"]
[Termination "korbul won on time"]

1. d4 Nf6 2. c4 e6 3. g3 d5 4.
Nf3 Be7 5. Bg2 O-O 6. O-O c6 7.
Qc2 Nbd7 8. Bf4 b6 9. Nbd2 Ba6 10. Rfe1 Nh5 11. e4 Nxf4 12. gxf4 dxe4 13. Nxe4 Bb7 14. Rad1 Nf6 15. Ne5 Qc7 16. Nxf6+ Bxf6 17. c5 Rac8 18. f5 exf5 19. Qxf5 Bxe5 20. dxe5 bxc5 21. Rd7 Qa5 22.
Red1 Rcd8 23. e6 Rxd7 24. exd7 Qb6 25. Qg5 Qd8 26. Qxc5 g6 27. Qxa7 Ba8 28. a4 Qg5 29. Qb6 c5 0-1

[Event "*** Titled Tuesday Blitz"]
[Site "Chess.com"]
[Date "2020.05.19"]
[Round "10"]
[White "floplover"]
[Black "j2806"]
[Result "1-0"]
[WhiteElo "2298"]
[BlackElo "2033"]
[TimeControl "180+1"]
[EndTime "13:55:56 PDT"]
[Termination "floplover won by checkmate"]

1. d4 Nf6 2. c4 e6 3. Nc3 d5 4. Nf3 Be7 5. Bf4 O-O 6. e3 a6 7. Rc1 Nbd7 8. c5 c6 9. h3 b6 10. b4 a5 11. a3 Ne4 12. Nxe4 dxe4 13. Nd2 f5 14. Nc4 axb4 15. axb4 bxc5 16. bxc5 Bf6 17. Be2 Ba6 18. O-O Re8 19. Nd6 Re7 20.
Bxa6 Rxa6 21. Qb3 Kf8 22. Qb7 Qa8 23. Rb1 e5 24. dxe5 Nxe5 25. Qb3 Raa7 26. Qb8+ Qxb8 27. Rxb8+ Re8 28. Rxe8# 1-0

[Event "*** Titled Tuesday Blitz"]
[Site "Chess.com"]
[Date "2020.05.19"]
[Round "10"]
[White "UmutErdemGunduz"]
[Black "1977Ivan"]
[Result "1-0"]
[WhiteElo "2496"]
[BlackElo "2626"]
[TimeControl "180+1"]
[EndTime "13:55:57 PDT"]
[Termination "UmutErdemGunduz won by resignation"]

1. e4 c5 2. Nf3 e6 3. d4 cxd4 4. Nxd4 Nc6 5. Nc3 Qc7 6. Be3 a6 7. a3 b5 8. f4 Bb7 9. Qe2 Nxd4 10. Bxd4 Qxf4 11. g3 Qc7 12. Bg2 Ne7 13. O-O Nc6 14. Nd5 Qd6 15. Bc3 Qc5+ 16. Kh1 exd5 17. exd5+ Ne7 18.
d6 Bxg2+ 19. Qxg2 Qc6 20. Rae1 Ra7 21. Bxg7 Qxg2+ 22. Kxg2 Bxg7 23. Rxe7+ Kd8 24. Rexf7 Bh6 25. R1f6 b4 26. axb4 Rb7 27. Rxh6 Rxb4 28. b3 Rd4 29. Rhxh7 Re8 30. Rxd7+ Kc8 31. Ra7 Kb8 32. Rhb7+ Kc8 33.
d7+ 1-0

[Event "*** Titled Tuesday Blitz"]
[Site "Chess.com"]
[Date "2020.05.19"]
[Round "10"]
[White "Gvetadze"]
[Black "1g41-0"]
[Result "1-0"]
[WhiteElo "2414"]
[BlackElo "2503"]
[TimeControl "180+1"]
[EndTime "13:55:57 PDT"]
[Termination "Gvetadze won by resignation"]

1. Nf3 Nf6 2. g3 g6 3. Bg2 Bg7 4. O-O O-O 5. d3 d6 6. Nc3 Nc6 7. e4 e5 8. h3 h6 9. Be3 a6 10. Qd2 Kh7 11. Nh4 Bd7 12. f4 Nh5 13. Qf2 exf4 14.
gxf4 Qf6 15. Nd5 Qxb2 16. Nxc7 Rac8 17. Rab1 Qxa2 18. Rxb7 Na5 19. Ra7 Nc6 20. Rb7 Rb8 21.
Rxb8 Rxb8 22. f5 Rb2 23. fxg6+ fxg6 24. Qf7 Qxf7 25. Rxf7 Ne5 26. Re7 Rxc2 27. Nd5 a5 28.
d4 a4 29. dxe5 a3 30. Rxd7 a2 31. Ra7 dxe5 32. Bf3 Kg8 33. Nxg6 Nf4 34. Nge7+ Kf8 35. Nf5 Nxd5 36. exd5 e4 37. Nxg7 exf3 38. Ne6+ Kg8 39. Bd4 f2+ 40. Kg2 1-0

[Event "*** Titled Tuesday Blitz"]
[Site "Chess.com"]
[Date "2020.05.19"]
[Round "10"]
[White "RaunakSadhwani2005"]
[Black "Spartakus1975"]
[Result "1-0"]
[WhiteElo "2808"]
[BlackElo "2691"]
[TimeControl "180+1"]
[EndTime "13:55:58 PDT"]
[Termination "RaunakSadhwani2005 won by resignation"]

1. e4 e6 2. d4 d5 3. Nc3 Nf6 4. exd5 exd5 5. Bd3 Bb4 6. a3 Bxc3+ 7. bxc3 O-O 8. Ne2 c5 9. dxc5 Nbd7 10. Be3 Qc7 11. O-O Nxc5 12. a4 Bd7 13. Bd4 Nfe4 14. f3 Ng5 15. Ng3 Nxa4 16. f4 Ne4 17. Bxe4 dxe4 18.
f5 f6 19. Qg4 Kh8 20. Nh5 Bb5 21. Rfe1 Rae8 22. Nf4 Nxc3 23. Ng6+ Kg8 24. Nxf8 Kxf8 25. Ra3 Nd5 26. Rh3 h6 27. c3 Bc6 28. Bc5+ Kg8 29. Rxh6 Qf4 30. Rg6 Qxg4 31. Rxg4 Nxc3 32. Bd4 Nb5 33. Bxf6 Kf7 34. Bb2 a5 35. Rxg7+ Kf8 36. Re3 Re7 37. f6 Rxg7 38. fxg7+ Kg8 39. Rh3 1-0

[Event "*** Titled Tuesday Blitz"]
[Site "Chess.com"]
[Date "2020.05.19"]
[Round "10"]
[White "WildBizon"]
[Black "Gloomy_Wanderer"]
[Result "1-0"]
[WhiteElo "2656"]
[BlackElo "2754"]
[TimeControl "180+1"]
[EndTime "13:56:01 PDT"]
[Termination "WildBizon won by resignation"]

1. e4 c5 2. Nf3 a6 3. c3 d5 4. exd5 Qxd5 5. d4 Bg4 6. Be2 e6 7. h3 Bh5 8. O-O Nf6 9. Be3 cxd4 10. Nxd4 Bxe2 11. Qxe2 Nc6 12. Nf3 Be7 13. c4 Qh5 14. Nc3 O-O 15. Rad1 Rac8 16. b3 Bc5 17. Bg5 Nd4 18.
Nxd4 Qxg5 19. Na4 Ba7 20. Nf3 Qf5 21. g4 Qf4 22. Kg2 Rfd8 23. Qe5 Qxe5 24. Nxe5 b5 25. cxb5 axb5 26. Rxd8+ Rxd8 27. Nc6 Rd7 28. Nc3 b4 29. Nxb4 Rd2 30. g5 Nd7 31. Nc6 Bc5 32. Ne4 Rd5 33.
f4 Bf8 34. a4 Nc5 35. Nxc5 Rxc5 36. Ne5 h6 37. gxh6 gxh6 38. Nd7 1-0

[Event "*** Titled Tuesday Blitz"]
[Site "Chess.com"]
[Date "2020.05.19"]
[Round "10"]
[White "Shubinkirill2003"]
[Black "Shuvalov"]
[Result "1-0"]
[WhiteElo "2587"]
[BlackElo "2439"]
[TimeControl "180+1"]
[EndTime "13:56:01 PDT"]
[Termination "Shubinkirill2003 won by checkmate"]

1. e4 e6 2. d4 d5 3. Nc3 Bb4 4. e5 c5 5. a3 Bxc3+ 6. bxc3 Ne7 7. Qg4 cxd4 8. Bd3 Qa5 9. Rb1 Nd7 10. Nf3 b6 11.
O-O Ba6 12. Bxa6 Qxa6 13. Nxd4 O-O 14. Nxe6 fxe6 15. Qxe6+ Rf7 16. Qxd7 Qc8 17. Qxc8+ Rxc8 18. Bd2 Nf5 19. Rfe1 Re7 20. f4 h5 21. Kf2 Kf7 22. g3 Ke6 23. h3 g6 24. g4 hxg4 25. hxg4 Nh4 26. Kg3 g5 27. f5+ Kf7 28. Bxg5 Rxc3+ 29. Kxh4 Re8 30. Bf6 Rxc2 31. g5 Rec8 32. e6+ Ke8 33. Kh5 Rh2+ 34. Kg6 Rc6 35. Rh1 Rcc2 36. Rxh2 Rxh2 37. Rc1 Rc2 38. Rxc2 d4 39. Rc8# 1-0

[Event "*** Titled Tuesday Blitz"]
[Site "Chess.com"]
[Date "2020.05.19"]
[Round "10"]
[White "Unknown_IM"]
[Black "vanea_03"]
[Result "0-1"]
[WhiteElo "2543"]
[BlackElo "2643"]
[TimeControl "180+1"]
[EndTime "13:56:05 PDT"]
[Termination "vanea_03 won by resignation"]

1. e4 e5 2. Nf3 Nc6 3. Bc4 Nf6 4. d4 exd4 5. O-O Nxe4 6. Re1 d5 7. Bxd5 Qxd5 8. Nc3 Qd7 9. Nxe4 Be7 10. Bg5 O-O 11. Bxe7 Qxe7 12. Nxd4 Bd7 13. Nb5 Rad8 14. Qe2 Bc8 15.
Rad1 a6 16. Nbc3 Rxd1 17. Rxd1 Re8 18. Qf3 Be6 19. a3 h6 20. h3 Rd8 21. Rxd8+ Qxd8 22. Nc5 Bc8 23. Qd5 Qe8 24. N5e4 b6 25. Qd3 Ne5 26.
Qg3 Kh8 27. Nd5 Bb7 28. Nec3 f6 29. Qe3 Qd7 30. b3 Bxd5 31. Qd4 Be6 0-1

[Event "*** Titled Tuesday Blitz"]
[Site "Chess.com"]
[Date "2020.05.19"]
[Round "10"]
[White "ajdemipopushi"]
[Black "THE_PLAYER6"]
[Result "1-0"]
[WhiteElo "2335"]
[BlackElo "2499"]
[TimeControl "180+1"]
[EndTime "13:56:05 PDT"]
[Termination "ajdemipopushi won by resignation"]

1. Nf3 d5 2. g3 Nf6 3. c4 e6 4. Bg2 dxc4 5. Na3 Be7 6. Nxc4 c5 7. O-O Nc6 8. b3 O-O 9. Bb2 b5 10. Nfe5 Nxe5 11. Bxa8 Ng6 12. Ne5 Qc7 13. Nxg6 hxg6 14. Bg2 Rd8 15. d3 Bb7 16. Bxb7 Qxb7 17. Bxf6 Bxf6 18.
Rc1 Qd5 19. Qc2 Rc8 20. Rfd1 a5 21. a4 b4 22. d4 Qh5 23. dxc5 Bc3 24. Qe4 Qxc5 25.
Rd7 Qg5 26. Rcd1 Qf6 27. R1d3 Qf5 28. Qxf5 gxf5 29. Rd8+ Rxd8 30. Rxd8+ Kh7 31. Ra8 1-0

[Event "*** Titled Tuesday Blitz"]
[Site "Chess.com"]
[Date "2020.05.19"]
[Round "10"]
[White "Gareth-Bale11"]
[Black "FedaMaster"]
[Result "1-0"]
[WhiteElo "2706"]
[BlackElo "2539"]
[TimeControl "180+1"]
[EndTime "13:56:06 PDT"]
[Termination "Gareth-Bale11 won by resignation"]

1. e4 d5 2. d3 e5 3. Nf3 Nc6 4. Nbd2 Nf6 5. g3 Bc5 6. Bg2 dxe4 7. dxe4 Qe7 8. c3 a5 9. Qe2 O-O 10. h3 b6 11. a4 Ba6 12. Nc4 Ne8 13. O-O Nd6 14. Nfd2 Qe6 15. b3 Nxc4 16. Nxc4 Bxc4 17. bxc4 Rad8 18. h4 Ne7 19. Kh2 Nc8 20. h5 Nd6 21. h6 g6 22. Qf3 Nxc4 23. Bh3 Qe7 24. Ra2 Nd6 25. Rd2 Nc4 26. Rxd8 Rxd8 27. Qg4 Nd6 28. Bg5 f6 29. Qe6+ Nf7 30. Bxf6 Qxe6 31. Bxe6 Rd6 32. Bxf7+ Kxf7 33. Bxe5 Rd2 34. Bxc7 Bxf2 35.
Kg2 Ke6 36. Rxf2 Rd7 37. Bxb6 1-0

[Event "*** Titled Tuesday Blitz"]
[Site "Chess.com"]
[Date "2020.05.19"]
[Round "10"]
[White "MomchilPetkov"]
[Black "Gerasimenyuk_Miha"]
[Result "1-0"]
[WhiteElo "2544"]
[BlackElo "2389"]
[TimeControl "180+1"]
[EndTime "13:56:07 PDT"]
[Termination "MomchilPetkov won by resignation"]

1. e4 c6 2. d4 d5 3. e5 c5 4. dxc5 Nc6 5. Nf3 Bg4 6. a3 a5 7. Bb5 e6 8. O-O Bxc5 9. h3 h5 10. Bf4 Ne7 11. hxg4 hxg4 12. Nh2 g3 13. Bxg3 Nf5 14.
Qg4 Qb6 15. Nc3 O-O-O 16. Bxc6 Qxc6 17. b4 Bd4 18. Ne2 Bxa1 19. Rxa1 a4 20. Rc1 Kb8 21. Nf3 Rh6 22. Bf4 Rg6 23. Qh3 d4 24. Ng3 Nxg3 25. fxg3 Qc3 26. Qh4 Rd7 27. Qh8+ Kc7 28. Rd1 Qxc2 29.
Rc1 Qxc1+ 30. Bxc1 d3 31. Bd2 Rg4 32. Qa8 Re4 33. Qa5+ Kc8 34. Qxa4 Re2 35. Qa8+ Kc7 36. Qa5+ Kc8 37. Qc5+ Kb8 38. Qb5 Kc8 39. Kh2 g5 40. g4 Rd5 41. Qe8+ Kc7 42. Qxf7+ Rd7 43. Qxe6 Rh7+ 44. Kg3 Rh1 45. Qc4+ Kb8 46. Qxd3 1-0

[Event "*** Titled Tuesday Blitz"]
[Site "Chess.com"]
[Date "2020.05.19"]
[Round "10"]
[White "Kislov_Oleg"]
[Black "AlanZhang"]
[Result "1-0"]
[WhiteElo "2368"]
[BlackElo "2226"]
[TimeControl "180+1"]
[EndTime "13:56:08 PDT"]
[Termination "Kislov_Oleg won by checkmate"]

1. e4 e5 2. Nf3 Nc6 3. d4 exd4 4. Nxd4 Bc5 5. Be3 Qf6 6. c3 b6 7. Bc4 Bb7 8. O-O O-O-O 9. b4 Bxd4 10. cxd4 Nxb4 11.
d5 Na6 12. Bd4 Qg6 13. Qa4 Nc5 14. Bxc5 bxc5 15. Qxa7 Qb6 16. Qa4 Nf6 17. Nd2 Qb4 18.
Qc2 d6 19. Rfb1 Qa5 20. Rb5 Qa3 21. Rab1 Ba6 22. R5b3 Qa5 23. Bxa6+ Qxa6 24. e5 dxe5 25. Qf5+ Rd7 26. Rb8# 1-0

[Event "*** Titled Tuesday Blitz"]
[Site "Chess.com"]
[Date "2020.05.19"]
[Round "10"]
[White "VolodymyrMolyboha"]
[Black "lupta_robin"]
[Result "0-1"]
[WhiteElo "2412"]
[BlackElo "2604"]
[TimeControl "180+1"]
[EndTime "13:56:09 PDT"]
[Termination "lupta_robin won by resignation"]

1. e4 c5 2. Nf3 d6 3. c3 Nf6 4.
h3 g6 5. Bd3 Bg7 6. O-O O-O 7.
Bc2 Nc6 8. d4 e5 9. d5 Ne7 10.
a4 Nh5 11. Na3 b6 12. Re1 a6 13. Nc4 h6 14. a5 b5 15. Nb6 Rb8 16. b4 c4 17. Nxc8 Rxc8 18. g3 Kh7 19. Nh4 Ng8 20.
Kh2 Qf6 21. Be3 Nf4 22. Ng2 Nxg2 23. Kxg2 h5 24. Qd2 Bh6 25. f4 h4 26. Rf1 hxg3 27. f5 Qh4 28. Rf3 Nf6 29. fxg6+ fxg6 30. Bxh6 Qxh6 31.
Qxh6+ Kxh6 32. Raf1 Kg7 33. Rxg3 Nh5 34. Rxf8 Rxf8 35.
Rf3 Nf4+ 36. Kg3 Ne2+ 37. Kf2 Rxf3+ 38. Kxf3 Nxc3 39. Ke3 Na2 40. Bd1 Nxb4 41. Kd2 Nd3 42. Bg4 Nc5 0-1

[Event "*** Titled Tuesday Blitz"]
[Site "Chess.com"]
[Date "2020.05.19"]
[Round "10"]
[White "czasnaszachy"]
[Black "aaronmaster123"]
[Result "1-0"]
[WhiteElo "2380"]
[BlackElo "2263"]
[TimeControl "180+1"]
[EndTime "13:56:10 PDT"]
[Termination "czasnaszachy won by resignation"]

1. e4 c5 2. Nf3 Nc6 3. Bb5 g6 4. Bxc6 bxc6 5. O-O Bg7 6. c3 Nh6 7. d4 cxd4 8. cxd4 O-O 9. Nbd2 f5 10. b3 fxe4 11.
Nxe4 d6 12. h3 Be6 13. Re1 Bd5 14. Bg5 Qd7 15. Qd3 Rae8 16. Nfd2 Nf5 17. Be3 e5 18.
dxe5 Bxe5 19. Rad1 Nxe3 20. Rxe3 Rf5 21. Nc3 Be6 22.
Nc4 Bxc4 23. Qxc4+ d5 24. Qe2 Qf7 25. Na4 Kg7 26. Nc5 Rf8 27. Nd3 Bd4 28. Re7 Rxf2 29. Nxf2 Bxf2+ 30. Kh1 Bc5 31. Rxf7+ Rxf7 32. Qe5+ Rf6 33.
Rf1 Bd6 34. Qxf6+ 1-0

[Event "*** Titled Tuesday Blitz"]
[Site "Chess.com"]
[Date "2020.05.19"]
[Round "10"]
[White "heartofatiger"]
[Black "Lubov_Gordyk"]
[Result "1-0"]
[WhiteElo "2481"]
[BlackElo "2610"]
[TimeControl "180+1"]
[EndTime "13:56:13 PDT"]
[Termination "heartofatiger won by resignation"]

1. Nf3 g6 2. c4 Bg7 3. g3 Nh6 4. Bg2 f6 5. O-O Nf7 6. d4 O-O 7. Nc3 c6 8. e4 e5 9. Be3 d6 10. Qd2 Qe7 11. Rad1 Na6 12. Rfe1 Re8 13. a3 Be6 14. d5 Bg4 15. dxc6 bxc6 16. b4 Be6 17.
b5 cxb5 18. cxb5 Nc7 19. a4 Red8 20. Qb2 Bh6 21. Bxh6 Nxh6 22. Nd2 Rab8 23. Nf1 Nf7 24. Ne3 Rb7 25. Bf1 Rdb8 26. Qa3 f5 27. exf5 gxf5 28.
Nc4 Bxc4 29. Bxc4 Ne6 30. Nd5 Qg5 31. f4 Qd8 32. Ne3 Nd4 33. Rxd4 exd4 34. Nxf5 Kh8 35. Qd3 Qf6 36. Re6 Qd8 37. Qxd4+ Ne5 38. Rxe5 Qb6 39.
Rc5+ 1-0

[Event "*** Titled Tuesday Blitz"]
[Site "Chess.com"]
[Date "2020.05.19"]
[Round "10"]
[White "MrTattaglia"]
[Black "ElGasanov"]
[Result "1-0"]
[WhiteElo "3009"]
[BlackElo "2752"]
[TimeControl "180+1"]
[EndTime "13:56:15 PDT"]
[Termination "MrTattaglia won by resignation"]

1. Nf3 d6 2. d4 Bg4 3. c4 Nd7 4.
g3 e5 5. Bg2 Ngf6 6. O-O c6 7. Nc3 Be7 8. h3 Bh5 9. g4 Bg6 10. Nh4 O-O 11. Nxg6 hxg6 12. e3 Re8 13. b3 Bf8 14. Bb2 Qc7 15. Rc1 Rad8 16. Rc2 Qb8 17. Rd2 a6 18. Qc2 g5 19. Rfd1 g6 20. dxe5 Nxe5 21.
Ne2 Bg7 22. Ng3 d5 23. cxd5 Nxd5 24. Bxd5 cxd5 25. Rxd5 Nf3+ 26. Kh1 Rxd5 27. Rxd5 Rxe3 28. Bxg7 Re1+ 29. Kg2 Nh4+ 30. Kh2 Nf3+ 31. Kg2 Qf4 32. Rd8+ Kxg7 33. Qc3+ f6 34. Rd7+ Kh6 35. Nf5+ Qxf5 36. gxf5 Nh4+ 37. Kh2 1-0

[Event "*** Titled Tuesday Blitz"]
[Site "Chess.com"]
[Date "2020.05.19"]
[Round "10"]
[White "Bubi6"]
[Black "JozefKneht"]
[Result "0-1"]
[WhiteElo "2588"]
[BlackElo "2527"]
[TimeControl "180+1"]
[EndTime "13:56:16 PDT"]
[Termination "JozefKneht won on time"]

1. e4 e5 2. Nf3 Nc6 3. Bb5 a6 4. Ba4 Nf6 5. d4 exd4 6. O-O Be7 7. e5 Ne4 8. Nxd4 O-O 9. Nf5 d5 10. Bxc6 bxc6 11. Nxe7+ Qxe7 12. Re1 Qh4 13. Be3 f6 14. exf6 Qxf6 15. Qd4 Qg6 16. Nd2 Bh3 17. g3 Rae8 18. Qd3 Nxd2 19. Qxd2 Bf5 20. Bc5 Be4 21. Bxf8 Rxf8 22.
Re3 Bxc2 23. f3 h5 24. Qd4 Bf5 25.
Rae1 Bh3 26. b4 Qc2 27. R3e2 Qf5 28. Rf2 Qg6 29. a3 Rf6 30. Rfe2 Rxf3 31. Qh4 Qf5 0-1

[Event "*** Titled Tuesday Blitz"]
[Site "Chess.com"]
[Date "2020.05.19"]
[Round "10"]
[White "Onischuk_V"]
[Black "Tapuah"]
[Result "1/2-1/2"]
[WhiteElo "2894"]
[BlackElo "2815"]
[TimeControl "180+1"]
[EndTime "13:56:17 PDT"]
[Termination "Game drawn by repetition"]

1. e4 c5 2. Nf3 e6 3. b3 Nf6 4. e5 Nd5 5. Bb2 Nc6 6. g3 Be7 7. Bg2 f6 8. c4 Ndb4 9. d4 cxd4 10. a3 Na6 11. exf6 Bxf6 12. b4 Nc7 13. O-O O-O 14. Nxd4 d5 15. Nxc6 bxc6 16. Qc2 Bxb2 17. Qxb2 Ba6 18. Nd2 dxc4 19. Rac1 c3 20. Qxc3 Bxf1 21.
Nxf1 Nd5 22. Qxc6 Qf6 23. Rc2 Rad8 24. Re2 Nc3 25. Rc2 Rc8 26. Qa6 Rc7 27. h4 Kh8 28.
Ne3 Ne4 29. Rxc7 Qxf2+ 30. Kh1 Qxg3 31. Rc8 Qxh4+ 32. Kg1 Qf2+ 33. Kh1 Qh4+ 34. Kg1 Qf2+ 35. Kh1 Qh4+ 1/2-1/2

[Event "*** Titled Tuesday Blitz"]
[Site "Chess.com"]
[Date "2020.05.19"]
[Round "10"]
[White "Majesth"]
[Black "BeanScreen"]
[Result "1-0"]
[WhiteElo "2468"]
[BlackElo "2593"]
[TimeControl "180+1"]
[EndTime "13:56:19 PDT"]
[Termination "Majesth won by checkmate"]

1. d4 d5 2. Bg5 Nf6 3. e3 Bf5 4. c4 c6 5. Bxf6 exf6 6. Qb3 Bxb1 7. Rxb1 Qa5+ 8. Kd1 Nd7 9. cxd5 cxd5 10. Bb5 Rd8 11. Qxd5 Qb6 12. Ne2 Be7 13. Nc3 a6 14. Ba4 Qa7 15.
Ke2 b5 16. Bb3 O-O 17. Qf3 Qb8 18. g3 b4 19. Nd5 Qb5+ 20. Ke1 Rfe8 21. Nc7 Qb6 22.
Nxe8 Rxe8 23. Qd5 Qd8 24. Qxf7+ Kh8 25. Ke2 Nf8 26. Rhc1 Ng6 27. Qd5 Qb8 28. Rc6 Rd8 29. Qc4 Qb7 30. Rc1 Qd7 31. Rc8 Qg4+ 32. f3 Qh3 33. Rxd8+ Bxd8 34. Qg8# 1-0

[Event "*** Titled Tuesday Blitz"]
[Site "Chess.com"]
[Date "2020.05.19"]
[Round "10"]
[White "mortngabriel"]
[Black "Korchmar_Vasiliy"]
[Result "0-1"]
[WhiteElo "2450"]
[BlackElo "2606"]
[TimeControl "180+1"]
[EndTime "13:56:19 PDT"]
[Termination "Korchmar_Vasiliy won on time"]

1. Nf3 d5 2. e3 Nf6 3. c4 e6 4.
Nc3 b6 5. cxd5 exd5 6. d4 Bb7 7. Bd3 a6 8. O-O Bd6 9. Ne5 O-O 10. f4 c5 11. Bd2 Nc6 12. Ne2 Ne4 13. Rc1 f6 14.
Nxc6 Bxc6 15. Bxe4 dxe4 16. Ng3 Bb5 17. Nxe4 Bxf1 18.
Qxf1 cxd4 19. Qc4+ Kh8 20. Qxd4 Bc5 21. Nxc5 bxc5 22.
Rxc5 Qb6 23. Bc3 Rad8 24. Rd5 Qc7 25. g3 Rxd5 26. Qxd5 Rd8 27. Qe4 Qd7 28. Kg2 Qd1 29. Qf3 Qc2+ 30. Qf2 Qe4+ 31. Qf3 Qc2+ 32. Qf2 Qb1 33.
a3 Rd1 34. g4 Qe4+ 35. Kg3 Rd3 36. Bd4 Qxd4 0-1

[Event "*** Titled Tuesday Blitz"]
[Site "Chess.com"]
[Date "2020.05.19"]
[Round "10"]
[White "Zubrrr"]
[Black "SanchezKelvin"]
[Result "1-0"]
[WhiteElo "2653"]
[BlackElo "2474"]
[TimeControl "180+1"]
[EndTime "13:56:21 PDT"]
[Termination "Zubrrr won on time"]

1. e4 c5 2. d4 cxd4 3. c3 dxc3 4. Nxc3 e6 5. Nf3 a6 6. Bc4 b5 7. Bb3 Bb7 8. O-O d6 9. Bf4 Nc6 10. Qe2 Qb6 11. Rfd1 Rd8 12. Nd5 exd5 13. exd5+ Nce7 14. Re1 Rd7 15. a4 h6 16. Be3 Qd8 17. axb5 axb5 18. Qxb5 Nf6 19. Bb6 Qb8 20. Nd4 Bxd5 21. Nc6 Bxc6 22.
Qxc6 Qb7 23. Ra8+ 1-0

[Event "*** Titled Tuesday Blitz"]
[Site "Chess.com"]
[Date "2020.05.19"]
[Round "10"]
[White "Machidon"]
[Black "Doukis"]
[Result "1-0"]
[WhiteElo "2540"]
[BlackElo "2390"]
[TimeControl "180+1"]
[EndTime "13:56:22 PDT"]
[Termination "Machidon won by resignation"]

1. d4 d5 2. Nf3 c5 3. e3 Nf6 4. Bd3 Nc6 5. h3 g6 6. O-O Bg7 7. Nbd2 O-O 8. dxc5 a5 9. e4 Nb4 10. e5 Nd7 11. Re1 Nxc5 12. Bf1 Bf5 13. Nd4 Bd7 14. N2b3 Ne4 15. c3 a4 16. Nd2 Nc6 17. Nxe4 dxe4 18. e6 Bxe6 19. Nxe6 Qxd1 20. Rxd1 fxe6 21. a3 Na5 22. Be3 Nb3 23. Rab1 Rac8 24. Bb5 Ra8 25. Rd7 Bf6 26. Rxb7 Rfd8 27. Bc4 Kf7 28. Bxb3 axb3 29. Rxb3 Rdb8 30. Rb4 Ke8 31. Kf1 Kd7 32. Ke2 Kc6 33.
Kd2 Rd8+ 34. Kc2 Rab8 35. Rd1 Rxd1 36. Kxd1 Rd8+ 37. Kc2 Be5 38. Rxe4 Rd5 39. b4 Kd7 40. c4 1-0

[Event "*** Titled Tuesday Blitz"]
[Site "Chess.com"]
[Date "2020.05.19"]
[Round "10"]
[White "UCantHandleDenker"]
[Black "Quattroporte300"]
[Result "1-0"]
[WhiteElo "2547"]
[BlackElo "2317"]
[TimeControl "180+1"]
[EndTime "13:56:22 PDT"]
[Termination "UCantHandleDenker won on time"]

1. Nf3 Nf6 2. g3 e6 3. Bg2 d5 4. O-O Be7 5. d3 O-O 6. Nbd2 c5 7. e4 Nc6 8. Re1 Qc7 9. Qe2 Re8 10. e5 Nd7 11. Nf1 b5 12. Bf4 b4 13. h4 a5 14.
h5 Ba6 15. Qd2 Rac8 16. h6 g6 17. N1h2 Nd4 18. Rac1 Nxf3+ 19. Nxf3 c4 20. Bg5 Bxg5 21. Qxg5 Qd8 22. Qe3 Qb6 23. d4 a4 24. Qf4 c3 25.
b3 axb3 26. axb3 Qd8 27. Ra1 Ra8 28. Ng5 Rf8 29. Ra4 Qe7 30. Rea1 Bb7 31. Bf1 Rxa4 32. Rxa4 Nb6 33. Ra7 Rb8 34. Ba6 Nc8 35. Rxb7 Rxb7 36. Bxb7 Qxb7 37. Qf6 Kf8 38. Qg7+ Ke8 39. Qg8+ Kd7 40.
Qxf7+ Kc6 41. Qxe6+ Kb5 42. Qe8+ Kb6 43. Qd8+ Kb5 44. Ne6 Qa7 45. Qxc8 Qa1+ 46. Kg2 1-0

[Event "*** Titled Tuesday Blitz"]
[Site "Chess.com"]
[Date "2020.05.19"]
[Round "10"]
[White "Zq1"]
[Black "Manukyan_Artak"]
[Result "1-0"]
[WhiteElo "2501"]
[BlackElo "2309"]
[TimeControl "180+1"]
[EndTime "13:56:23 PDT"]
[Termination "Zq1 won by resignation"]

1. d4 d6 2. Nf3 Bg4 3. g3 Bxf3 4. exf3 c6 5. c4 e5 6. Bg2 Nd7 7. O-O Be7 8. Nc3 Ngf6 9. d5 c5 10. f4 O-O 11. Re1 Re8 12. b3 a6 13. a4 Qc7 14.
Qc2 g6 15. f5 Nf8 16. h4 Nh5 17.
Bh3 Bf6 18. Ne4 Bh8 19. Kg2 Nd7 20. Ng5 Ndf6 21. Bd2 Re7 22. a5 Rae8 23. b4 cxb4 24. Bxb4 e4 25. Rac1 Nd7 26. Rxe4 Nc5 27. Rxe7 Qxe7 28.
Bxc5 dxc5 29. fxg6 hxg6 30. Be6 Bd4 31. Qxg6+ Ng7 32. Qh7+ 1-0

[Event "*** Titled Tuesday Blitz"]
[Site "Chess.com"]
[Date "2020.05.19"]
[Round "10"]
[White "hellokostya"]
[Black "RichardShtivelband"]
[Result "1/2-1/2"]
[WhiteElo "2403"]
[BlackElo "2293"]
[TimeControl "180+1"]
[EndTime "13:56:23 PDT"]
[Termination "Game drawn by agreement"]

1. d4 d5 2. c4 c6 3. Nf3 Nf6 4. e3 a6 5. b3 Bf5 6. Nc3 e6 7. Bb2 Nbd7 8. Be2 Bd6 9. O-O O-O 10. Nh4 Bg6 11. Nxg6 hxg6 12. Qc2 Re8 13. Rac1 Rc8 14. Rfe1 c5 15. cxd5 exd5 16. Bf3 cxd4 17. exd4 Nb6 18.
Qd3 Bb8 19. Ba3 Rxe1+ 20. Rxe1 Qc7 21. Ne2 Qxh2+ 22. Kf1 Re8 23. g3 Qh3+ 24. Bg2 Qf5 25.
Qxf5 gxf5 26. Nc3 Rxe1+ 27. Kxe1 Ne4 28. Nxe4 dxe4 29. f3 Bxg3+ 30. Ke2 Nd5 31. fxe4 fxe4 32. Bxe4 Nc3+ 33. Kd3 Nxe4 34. Kxe4 g6 35. Kd5 f5 36.
Ke6 f4 37. Bd6 g5 38. Kf5 Bh4 39. Kg4 Kf7 40. d5 Ke8 41. Be5 Kd7 42. Kf3 b5 43. Kg4 Ke7 44. Kf3 Kf7 45. a4 bxa4 46. bxa4 Kg6 47. Kg4 Be1 48. Bc7 Kf6 49. Bd8+ Ke5 50. Bxg5 Bd2 51. d6 Kxd6 52. Bxf4+ Bxf4 53. Kxf4 Kc5 54. Ke3 Kb4 55. Kd2 Kxa4 56. Kc1 Kb3 57. Kb1 1/2-1/2

[Event "*** Titled Tuesday Blitz"]
[Site "Chess.com"]
[Date "2020.05.19"]
[Round "10"]
[White "froylanajedrez"]
[Black "DonPreuss"]
[Result "1-0"]
[WhiteElo "2356"]
[BlackElo "2217"]
[TimeControl "180+1"]
[EndTime "13:56:23 PDT"]
[Termination "froylanajedrez won by checkmate"]

1. d4 Nc6 2. Nf3 d6 3. d5 Ne5 4. Nxe5 dxe5 5. g3 g6 6. Bg2 Bg7 7. O-O f5 8. c4 Nf6 9. Nc3 O-O 10. Qb3 Kh8 11. h4 f4 12. Bd2 Nh5 13. Kh2 Bg4 14. Rae1 Qd7 15. Ne4 b6 16. c5 Qf5 17.
d6 cxd6 18. cxd6 exd6 19. Nxd6 Qd7 20. Bxa8 Qxd6 21. Bb4 Qd8 22. Bxf8 Qxa8 23. Bxg7+ Kxg7 24. Qc3 Qe4 25. f3 fxg3+ 26. Kg1 Qb7 27. fxg4 g2 28. Qxe5+ Kh6 29. g5# 1-0